 Dungeon Crawl Stone Soup version 0.28-a0-409-g6a72785379 (webtiles) character file.

Game seed: 8154449527158589988

10537 MacCMillion the Grappler (level 11, -18/105 HPs)
             Began as a Troll Monk on Sept 6, 2021.
             Was a Follower of Ru.
             Demolished by a boulder beetle (49 damage)
             ... on level 11 of the Dungeon.
             The game lasted 00:27:23 (9507 turns).

MacCMillion the Grappler (Troll Monk)               Turns: 9507, Time: 00:27:24

Health: -18/105    AC: 12    Str: 23    XL:     11   Next: 37%
Magic:  10/10      EV:  9    Int:  5    God:    Ru [*.....]
Gold:   596        SH:  0    Dex: 18    Spells: 10/10 levels left

rFire   . . .      SeeInvis .     - Unarmed
rCold   . . .      Faith    .   (no shield)
rNeg    . . .      Spirit   .   x - +1 steam dragon scales
rPois   .          Reflect  .   (helmet restricted)
rElec   .          Harm     .   A - +2 cloak
rCorr   .          Rampage  .   (gloves unavailable)
Will    .....                   (boots unavailable)
Stlth   ++........              (no amulet)
HPRegen 1.27/turn               n - ring of flight
MPRegen 0.12/turn               s - +6 ring of dexterity

@: flying
A: large, unfitting armour, claws 3, dopey 1, regeneration 1, shaggy fur 1,
tough skin 1, inability to train dodging
a: Renounce Religion, Sacrifice Resistance, Sacrifice Stealth, Sacrifice Arcana,
Reject Sacrifices


You were on level 11 of the Dungeon.
You worshipped Ru.
Ru was aware of your devotion.
You visited 1 branch of the dungeon, and saw 11 of its levels.
You also visited: Ossuary.

You collected 596 gold pieces.

Inventory:

Missiles
 h - 27 poisoned darts (quivered)
Armour
 w - a +0 cloak
 x - +1 steam dragon scales (worn)
 A - a +2 cloak (worn)
 F - a +2 pair of gloves
 H - a +0 troll leather armour
Jewellery
 n - a ring of flight (left claw)
 s - a +6 ring of dexterity (right claw)
 C - a ring of magical power
Wands
 j - a wand of flame (9)
 u - a wand of acid (13)
 G - a wand of charming (6)
Scrolls
 a - a scroll of noise {unknown}
 e - a scroll of fear
 i - a scroll of holy word
 l - 2 scrolls of acquirement
 o - 3 scrolls of vulnerability
 p - a scroll of enchant armour
 r - 4 scrolls of teleportation
 t - a scroll of enchant weapon {unknown}
 v - a scroll of amnesia
 y - 4 scrolls of identify
 D - 2 scrolls of blinking {unknown}
 E - a scroll of fog
 I - a scroll of magic mapping
Potions
 b - 3 potions of brilliance
 c - 2 potions of berserk rage
 d - a potion of degeneration {unknown}
 f - 3 potions of haste
 g - 4 potions of curing
 k - 2 potions of flight
 m - a potion of magic
 q - 4 potions of might
 z - a potion of lignification {unknown}
 B - a potion of heal wounds {unknown}


   Skills:
 + Level 6.2 Fighting
 - Level 5.0 Armour
 - Level 1.0 Stealth
 + Level 12.3 Unarmed Combat
 + Level 7.0 Evocations


You had 10 spell levels left.
You didn't know any spells.
Your spell library contained the following spells:

 Spells                   Type           Power      Damage    Failure   Level
 Conjure Flame            Conj/Fire      0%         6-21      85%         3
 Frozen Ramparts          Ice            0%         1d2       85%         3
 Ignite Poison            Fire/Tmut/Pois 0%         N/A       85%         3
 Tukima's Dance           Hex            0%         N/A       85%         3
 Ice Form                 Ice/Tmut       0%         N/A       99%         4
 Passage of Golubria      Tloc           N/A        N/A       99%         4
 Sticky Flame             Conj/Fire      0%         2d3       99%         4
 Summon Ice Beast         Ice/Summ       0%         N/A       99%         4
 Yara's Violent Unravell  Hex/Tmut       0%         3d3       100%        5


Dungeon Overview and Level Annotations

Branches:
Dungeon (11/15)            Temple (0/1) D:6         Ossuary (visited)
   Lair: D:8-11         Orc: D:9-12

Altars:
Ashenzari
Cheibriados
Elyvilon
Hepliaklqana
Kikubaaqudgha
Makhleb
Ru
Vehumet
Wu Jian
Yredelemnul


Innate Abilities, Weirdness & Mutations

You are too large for most types of armour.
You have claws for hands.
You are dopey. (Int -2)
Your natural rate of healing is unusually fast.
You are covered in fur. (AC +1)
You have tough skin. (AC +1)
You cannot train Dodging skill.


Message History

A boulder beetle is nearby!
The boulder beetle leaps!
You start waiting.
A boulder beetle is nearby!
The boulder beetle curls into a ball and begins rolling!
The boulder beetle hits you!!!
The boulder beetle stops rolling and uncurls.
You scratch the boulder beetle.
You claw the boulder beetle, but do no damage.
The boulder beetle is lightly wounded.
The boulder beetle bites you.
You claw the boulder beetle!
The boulder beetle is lightly wounded.
You claw the boulder beetle!
The boulder beetle is moderately wounded.
The boulder beetle bites you.
You scratch the boulder beetle but do no damage.
The boulder beetle is moderately wounded.
The boulder beetle bites you.
You claw the boulder beetle!
The boulder beetle is heavily wounded.
The boulder beetle bites you!
You claw the boulder beetle!
The boulder beetle is heavily wounded.
The boulder beetle barely misses you.
You scratch the boulder beetle but do no damage.
The boulder beetle is heavily wounded.
You barely miss the boulder beetle.
The boulder beetle is heavily wounded.
The boulder beetle waves its antennae.
The boulder beetle bites you but does no damage.
You claw the boulder beetle! You claw the boulder beetle.
The boulder beetle is severely wounded.
The boulder beetle bites you!!
* * * LOW HITPOINT WARNING * * *
The boulder beetle begins to attack, but is stunned by your conviction!
The boulder beetle curls into a ball and begins rolling!
There is a stone staircase leading up here.
The boulder beetle hits you!!!
You die...

.### #. ..# ###.##
##....## #).....##
##.......##
#.........# ###
##..........
#@#####.....#.....
#.B○°°......###...
##.#........# ##..
###....#...# ##.
##...#...# ##
#...#...# #
#...#...#
#...#.... #...#
..#


You could see a boulder beetle (rolling).

Vanquished Creatures
  4 two-headed ogres
  2 trolls (D:10)
  A wraith (D:9)
  2 wyverns
  13 yaks
  A steam dragon (D:7)
  Menkaure (D:5)
  3 water moccasins
  An ice beast (D:7)
  6 orc warriors
  2 sky beasts
  A necrophage (D:3)
  An ogre (D:6)
  7 centaurs
  A phantom (D:6)
  3 elf zombies (Ossuary)
  3 bullfrogs
  A gnoll sergeant (D:8)
  2 scorpions
  A water moccasin skeleton (D:5)
  8 killer bees
  17 wights
  3 howler monkeys
  7 centaur zombies
  2 jellies
  A hound (D:5)
  4 orc priests
  2 gnoll shamans
  5 iguanas
  10 orc wizards
  A hound zombie (D:5)
  A hound skeleton (D:4)
  2 mummies (Ossuary)
  A howler monkey zombie (D:5)
  11 gnolls
  11 adders
  A white imp (D:7)
  An adder zombie (Ossuary)
  A worm (D:2)
  3 dart slugs
  46 orcs
  7 ball pythons
  4 bats
  8 endoplasms
  3 giant cockroaches
  4 goblins
  4 hobgoblins
  6 jackals
  2 quokkas (D:1)
  4 frilled lizards
  A goblin zombie (Ossuary)
  3 hobgoblin zombies (Ossuary)
  15 kobolds
  13 kobold zombies (Ossuary)
  9 orc zombies (Ossuary)
  6 rats
  3 rat zombies (Ossuary)
286 creatures vanquished.

Vanquished Creatures (others)
  A sky beast (D:5)
1 creature vanquished.

Grand Total: 287 creatures vanquished

Notes
Turn   | Place    | Note
-------+----------+-------------------------------------------
     0 | D:1      | MacCMillion the Troll Monk began the quest for the Orb.
     0 | D:1      | Reached XP level 1. HP: 22/22 MP: 0/0
   190 | D:1      | Reached XP level 2. HP: 27/29 MP: 1/1
   285 | D:1      | Reached skill level 4 in Unarmed Combat
   288 | D:1      | Found a faded altar of an unknown god.
   485 | D:1      | Reached XP level 3. HP: 36/36 MP: 2/2
   715 | D:2      | Reached skill level 5 in Unarmed Combat
   715 | D:2      | Reached XP level 4. HP: 35/44 MP: 3/3
   962 | D:2      | Found a sacrificial altar of Ru.
   970 | D:2      | Became a worshipper of Ru the Awakened
   992 | D:2      | Gained mutation: You are dopey. (Int -2) [Ru sacrifice]
  1955 | D:3      | Reached XP level 5. HP: 50/50 MP: 4/4
  2128 | D:3      | Noticed a necrophage
  2135 | D:3      | Killed a necrophage
  2414 | D:4      | Reached skill level 6 in Unarmed Combat
  2430 | D:4      | Found a sand-covered staircase.
  2435 | Ossuary  | Entered an ossuary
  2619 | Ossuary  | Reached XP level 6. HP: 61/61 MP: 5/5
  2722 | Ossuary  | Reached XP level 7. HP: 62/67 MP: 6/6
  2748 | Ossuary  | Reached skill level 7 in Unarmed Combat
  2765 | D:4      | Identified a scroll of acquirement
  2792 | D:4      | Gained mutation: You cannot train Dodging skill. [Ru
                  | sacrifice]
  2792 | D:4      | Reached * piety under Ru
  3011 | D:4      | Found a broken altar of Ashenzari.
  3550 | D:5      | Entered Level 5 of the Dungeon
  3591 | D:5      | Reached skill level 8 in Unarmed Combat
  3893 | D:5      | Reached XP level 8. HP: 79/79 MP: 7/7
  4122 | D:5      | Noticed Menkaure
  4129 | D:5      | Killed Menkaure
  4130 | D:5      | Reached skill level 9 in Unarmed Combat
  4169 | D:5      | Reached skill level 5 in Fighting
  4636 | D:6      | You fall into a shaft and drop 1 floor!
  4883 | D:6      | Reached skill level 10 in Unarmed Combat
  5110 | D:6      | Reached skill level 1 in Evocations
  5180 | D:6      | Reached XP level 9. HP: 81/88 MP: 8/8
  5384 | D:6      | Found a staircase to the Ecumenical Temple.
  5915 | D:6      | Found a basalt altar of Yredelemnul.
  6385 | D:7      | Reached skill level 1 in Armour
  7032 | D:8      | Reached skill level 11 in Unarmed Combat
  7138 | D:8      | Reached XP level 10. HP: 72/97 MP: 9/9
  7476 | D:8      | Found a burning altar of Makhleb.
  7476 | D:8      | Found a faded altar of an unknown god.
  7493 | D:8      | Found a snail-covered altar of Cheibriados.
  7495 | D:8      | Found an ornate altar of the Wu Jian Council.
  7497 | D:8      | Found a white marble altar of Elyvilon.
  7758 | D:8      | Found a hazy altar of Hepliaklqana.
  7766 | D:8      | Found a radiant altar of Vehumet.
  8022 | D:9      | Found an ancient bone altar of Kikubaaqudgha.
  8023 | D:9      | Found the +5 sword of Power {vorpal}
  8026 | D:9      | Noticed a two-headed ogre
  8061 | D:9      | Killed a two-headed ogre
  8196 | D:9      | Reached skill level 5 in Evocations
  8257 | D:9      | Noticed a two-headed ogre
  8276 | D:9      | Killed a two-headed ogre
  8277 | D:9      | Reached skill level 5 in Armour
  8277 | D:9      | Reached skill level 12 in Unarmed Combat
  8609 | D:9      | Reached XP level 11. HP: 86/104 MP: 10/10
  8718 | D:10     | Entered Level 10 of the Dungeon
  8900 | D:10     | Noticed a two-headed ogre
  8908 | D:10     | Killed a two-headed ogre
  9040 | D:10     | Noticed a two-headed ogre
  9049 | D:10     | Killed a two-headed ogre
  9453 | D:11     | Noticed a boulder beetle
  9507 | D:11     | Demolished by a boulder beetle

Illustrated notes

Levels and vault maps discovered:
D:1:      kilobyte_arrival_exit_the_forest, layout_rooms,
          ebering_ecumenical_altar_ruins
D:2:      minmay_general_purpose_star, layout_loops_ring, basic_altar,
          serial_forest, infiniplex_forest_clump_cross,
          infiniplex_forest_lined_3_way, infiniplex_forest_end_3,
          infiniplex_forest_clump_double, infiniplex_forest_end_2,
          infiniplex_forest_split, minmay_misc_feat_iff, minmay_cupped
D:3:      layout_loops_ring, serial_glass, glass_columns_c, glass_columns_a,
          glass_columns_b, glass_columns_b, glass_columns_a, glass_columns_a,
          glass_columns_a, glass_columns_b, amcnicky_mini_rare_corridor_liquid,
          minmay_cut_off
D:4:      layout_basic, ashenzari_conservatory_becter,
          nicolae_ossuary_entry_false_entrances
D:5:      layout_loops_corners, chequers_arboretum, corner_web_ring,
          uniq_menkaure
D:6:      layout_layer_cave, lemuel_coloured_pillars_altar,
          minmay_temple_entry_antechambers, kennysheep_generic_room_15
D:7:      layout_basic
D:8:      layout_loops_ring, chequers_temple_overflow_minitemple,
          mainiacjoe_overflow_big_doors
D:9:      layout_rooms, amcnicky_altar_gilded
D:10:     layout_cave_pods, kennysheep_mini_moat, hangedman_abyss_or_decor_stabs
D:11:     layout_layer_cave, lair_entry_dummy, led_sif_pool

Skill      XL: |  1  2  3  4  5  6  7  8  9 10 11 |
---------------+----------------------------------+-----
Unarmed Combat | 4 5 6 8 10 11 12 | 12.3
Fighting       | 3 4 5 6 |  6.2
Dodging        | 3 0 |  0.0
Evocations     | 1 3 6 7 |  7.0
Armour         | 3 5 |  5.0
Stealth        | |  1.0

Action                   |  1- 3 |  4- 6 |  7- 9 | 10-12 || total
-------------------------+-------+-------+-------+-------++-------
Melee: Unarmed           |    75 |   197 |   290 |   261 ||   823
       Punch             |       |     3 |    14 |    17 ||    34
Invok: Sacrifice Purity  |       |     1 |       |       ||     1
       Sacrifice Nimblen |       |       |     1 |       ||     1
  Use: Scroll            |       |     7 |     6 |     4 ||    17
       Potion            |       |       |     1 |       ||     1
 Stab: Sleeping          |     2 |     1 |     6 |     2 ||    11
       Distracted        |       |       |       |     1 ||     1
Armor: Robe              |    15 |    43 |    59 |       ||   117
       Steam dragon scal |       |       |    20 |   111 ||   131
Dodge: Dodged            |    41 |    72 |   109 |    89 ||   311

Table legend: (Time is in decaauts)
 A = Elapsed time spent in this place.
 B = Non-inter-level travel time spent in this place.
 C = Inter-level travel time spent in this place.
 D = Time resting spent in this place.
 E = Time spent auto-exploring this place.
 F = Levels seen in this place.
 G = Mean time per level.
                   A        B        C        D        E       F      G
               +--------+--------+--------+--------+--------+-----+--------+
         Total |   9382 |   9035 |    347 |    290 |   6639 |  12 |  781.8 |
       Dungeon |   9069 |   8722 |    347 |    290 |   6533 |  11 |  824.5 |
       Ossuary |    313 |    313 |      0 |      0 |    106 |   1 |  313.0 |
               +--------+--------+--------+--------+--------+-----+--------+

Top non-repeatable levels by time:
     D:6: 1330 daAuts
     D:2: 1112 daAuts
     D:8: 1048 daAuts
     D:7: 1047 daAuts
     D:5: 981 daAuts
     D:4: 832 daAuts
     D:9: 678 daAuts
    D:10: 657 daAuts
     D:3: 650 daAuts
     D:1: 615 daAuts
 Ossuary: 313 daAuts
    D:11: 116 daAuts
